[ AOE2 MATCH · #470359669 ]
1v1 RMMuisca vs Khitans
Player's team · LOSS
Rival team · WIN
[ REPLAY ANALYSIS · EXTRACTED FROM THE RECORDED GAME ]
Feudal
10:29
Castle
15:37
Imperial
38:45
| APM avg | 20.4 |
| APM peak | 40 |
| eAPM avg | 13.7 |
| Villagers / military | 103 / 5 |
Focus
⚔️ 19.7% · 🌾 80.3%
Unknown (2550) ×26 · Spearman ×4 · Mangonel ×1
Feudal
9:29
Castle
19:44
Imperial
34:04
| APM avg | 36.9 |
| APM peak | 96 |
| eAPM avg | 21.3 |
| Villagers / military | 113 / 83 |
Focus
⚔️ 32.0% · 🌾 68.0%
Militia ×47 · Archer ×22 · Scout Cavalry ×5 · Trebuchet (Packed) ×5 · Monk ×2 · Iron Pagoda ×2
Match map
Resources at game start + every placement click. Thick line = wall · dashed box = detected house wall. 🟡 gold · ⚪ stone · 🟢 berries · 🔶 boar · ⭕ relic
Inputs per minute
— Snowey - - ToadhopperBBQ
Build order — Snowey
First 150 of 258 actions detected
| 0:02 | Build | House |
| 0:04 | Build | House |
| 0:05 | Create | Villager (Male) |
| 0:05 | Create | Villager (Male) |
| 0:05 | Create | Villager (Male) |
| 0:17 | Create | Villager (Male) |
| 1:27 | Create | Villager (Male) |
| 2:00 | Build | Settlement |
| 2:09 | Create | Villager (Male) |
| 2:29 | Create | Villager (Male) |
| 2:40 | Create | Villager (Male) |
| 2:57 | Create | Villager (Male) |
| 3:03 | Build | House |
| 3:04 | Build | House |
| 4:09 | Create | Villager (Male) |
| 4:23 | Create | Villager (Male) |
| 4:41 | Create | Villager (Male) |
| 5:09 | Create | Villager (Male) |
| 5:23 | Create | Villager (Male) |
| 5:45 | Create | Villager (Male) |
| 6:04 | Build | Barracks |
| 6:09 | Create | Villager (Male) |
| 6:13 | Research | Loom |
| 6:59 | Create | Villager (Male) |
| 7:42 | Create | Villager (Male) |
| 7:59 | Research | Feudal Age |
| 8:13 | Build | Settlement |
| 9:14 | Create | Villager (Male) |
| 10:07 | Create | Villager (Male) |
| 10:29 | Age | Feudal Age |
| 10:37 | Build | Market |
| 10:48 | Build | Blacksmith |
| 10:50 | Create | Spearman |
| 10:53 | Create | Villager (Male) |
| 11:32 | Build | Palisade Wall |
| 11:34 | Create | Villager (Male) |
| 11:44 | Create | Spearman |
| 12:03 | Build | Palisade Wall |
| 12:15 | Create | Villager (Male) |
| 12:57 | Research | Castle Age |
| 13:10 | Create | Spearman |
| 13:42 | Research | Scale Mail Armor |
| 13:49 | Create | Villager (Male) |
| 14:44 | Build | Farm |
| 14:45 | Build | Farm |
| 15:07 | Build | Farm |
| 15:07 | Build | Farm |
| 15:20 | Build | Farm |
| 15:20 | Build | Farm |
| 15:37 | Age | Castle Age |
| 15:54 | Build | Farm |
| 15:55 | Build | Farm |
| 16:11 | Create | Spearman |
| 16:20 | Build | Farm |
| 16:20 | Build | Farm |
| 16:36 | Build | House |
| 16:37 | Build | House |
| 17:23 | Create | Villager (Male) |
| 17:24 | Create | Villager (Male) |
| 17:25 | Create | Villager (Male) |
| 17:33 | Create | Villager (Male) |
| 17:39 | Build | House |
| 18:03 | Create | Villager (Male) |
| 18:19 | Create | Villager (Male) |
| 18:25 | Research | Double-Bit Axe |
| 18:26 | Create | Villager (Male) |
| 18:35 | Create | Villager (Male) |
| 19:03 | Build | Farm |
| 19:14 | Build | Town Center |
| 19:24 | Create | Villager (Male) |
| 19:27 | Build | Farm |
| 19:34 | Build | Farm |
| 19:48 | Create | Villager (Male) |
| 19:57 | Create | Villager (Male) |
| 20:02 | Build | Farm |
| 20:22 | Build | Town Center |
| 20:32 | Create | Villager (Male) |
| 20:34 | Research | Pikeman (upgrade) |
| 20:36 | Create | Villager (Male) |
| 20:45 | Build | Farm |
| 20:46 | Create | Villager (Male) |
| 21:01 | Build | Barracks |
| 21:09 | Build | Barracks |
| 21:20 | Create | Villager (Male) |
| 21:23 | Create | Villager (Male) |
| 21:23 | Create | Villager (Male) |
| 21:23 | Create | Villager (Male) |
| 21:43 | Build | Stone Wall |
| 21:46 | Build | Stone Wall |
| 21:50 | Create | Villager (Male) |
| 21:53 | Create | Villager (Male) |
| 22:00 | Create | Villager (Male) |
| 22:06 | Build | Farm |
| 22:07 | Build | Farm |
| 22:07 | Build | Farm |
| 22:08 | Build | Farm |
| 22:14 | Create | Villager (Male) |
| 22:14 | Create | Villager (Male) |
| 22:38 | Create | Villager (Male) |
| 22:38 | Create | Villager (Male) |
| 22:48 | Build | Farm |
| 22:49 | Build | Farm |
| 23:05 | Build | Archery Range |
| 23:10 | Create | Villager (Male) |
| 23:10 | Create | Villager (Male) |
| 23:11 | Create | Villager (Male) |
| 23:13 | Create | Villager (Male) |
| 23:22 | Research | Horse Collar |
| 23:35 | Build | Farm |
| 23:36 | Create | Villager (Male) |
| 24:08 | Research | Bow Saw |
| 24:10 | Create | Villager (Male) |
| 24:10 | Create | Villager (Male) |
| 24:21 | Build | House |
| 24:22 | Build | House |
| 24:22 | Build | House |
| 24:58 | Build | Watch Tower |
| 25:57 | Build | Settlement |
| 26:02 | Build | House |
| 26:15 | Build | House |
| 26:38 | Research | Fletching |
| 26:47 | Create | Villager (Male) |
| 26:47 | Create | Villager (Male) |
| 26:48 | Create | Villager (Male) |
| 26:48 | Create | Villager (Male) |
| 26:52 | Create | Villager (Male) |
| 26:52 | Create | Villager (Male) |
| 26:52 | Create | Villager (Male) |
| 26:52 | Create | Villager (Male) |
| 27:06 | Create | Villager (Male) |
| 27:07 | Create | Villager (Male) |
| 27:07 | Create | Villager (Male) |
| 27:15 | Research | Bodkin Arrow |
| 27:26 | Research | Stone Mining |
| 27:37 | Create | Villager (Male) |
| 27:37 | Create | Villager (Male) |
| 28:10 | Build | Watch Tower |
| 28:16 | Build | Siege Workshop |
| 28:44 | Create | Villager (Male) |
| 28:56 | Create | Villager (Male) |
| 28:57 | Create | Villager (Male) |
| 28:58 | Create | Villager (Male) |
| 28:58 | Create | Villager (Male) |
| 29:07 | Build | Town Center |
| 29:17 | Create | Mangonel |
| 29:42 | Create | Villager (Male) |
| 29:42 | Create | Villager (Male) |
| 29:55 | Create | Villager (Male) |
| 29:56 | Create | Villager (Male) |
| 29:58 | Create | Villager (Male) |
Build order — ToadhopperBBQ
First 150 of 323 actions detected
| 0:01 | Create | Villager (Male) |
| 0:01 | Create | Villager (Male) |
| 0:04 | Build | House |
| 0:05 | Build | House |
| 0:07 | Create | Villager (Male) |
| 0:12 | Create | Villager (Male) |
| 1:24 | Create | Villager (Male) |
| 1:43 | Build | Lumber Camp |
| 2:04 | Create | Villager (Male) |
| 2:15 | Create | Villager (Male) |
| 2:15 | Create | Villager (Male) |
| 2:52 | Create | Villager (Male) |
| 2:52 | Create | Villager (Male) |
| 3:01 | Build | House |
| 3:02 | Build | House |
| 3:14 | Create | Villager (Male) |
| 3:14 | Create | Villager (Male) |
| 3:40 | Create | Villager (Male) |
| 3:41 | Create | Villager (Male) |
| 4:01 | Create | Villager (Male) |
| 4:14 | Build | Mill |
| 4:23 | Create | Villager (Male) |
| 5:04 | Create | Villager (Male) |
| 5:04 | Create | Villager (Male) |
| 5:46 | Create | Villager (Male) |
| 5:59 | Research | Loom |
| 6:47 | Create | Villager (Male) |
| 7:15 | Create | Villager (Male) |
| 7:19 | Research | Feudal Age |
| 7:19 | Research | Feudal Age |
| 7:19 | Research | Feudal Age |
| 8:00 | Build | Mill |
| 8:07 | Build | Barracks |
| 9:03 | Create | Villager (Male) |
| 9:23 | Create | Villager (Male) |
| 9:29 | Age | Feudal Age |
| 9:37 | Build | Stable |
| 9:42 | Research | Double-Bit Axe |
| 9:51 | Build | Palisade Gate |
| 9:55 | Build | Palisade Wall |
| 9:58 | Build | Palisade Wall |
| 10:13 | Build | House |
| 10:15 | Create | Villager (Male) |
| 10:19 | Create | Villager (Male) |
| 10:24 | Create | Villager (Male) |
| 10:28 | Create | Scout Cavalry |
| 10:29 | Create | Scout Cavalry |
| 10:29 | Create | Scout Cavalry |
| 10:29 | Create | Scout Cavalry |
| 11:13 | Build | Pasture |
| 11:18 | Build | Mining Camp |
| 11:20 | Create | Villager (Male) |
| 11:25 | Create | Scout Cavalry |
| 11:27 | Create | Villager (Male) |
| 11:51 | Create | Villager (Male) |
| 12:03 | Create | Villager (Male) |
| 12:18 | Build | House |
| 12:21 | Build | Pasture |
| 12:24 | Build | Pasture |
| 12:33 | Create | Villager (Male) |
| 12:33 | Create | Villager (Male) |
| 12:47 | Create | Villager (Male) |
| 13:19 | Build | Blacksmith |
| 13:37 | Create | Villager (Male) |
| 13:41 | Build | Pasture |
| 14:06 | Create | Villager (Male) |
| 14:10 | Build | House |
| 14:11 | Build | Archery Range |
| 14:14 | Build | Archery Range |
| 14:27 | Build | House |
| 14:28 | Build | House |
| 14:35 | Create | Villager (Male) |
| 14:35 | Create | Villager (Male) |
| 15:07 | Build | Archery Range |
| 15:18 | Build | Building 796 |
| 15:22 | Create | Archer |
| 15:23 | Create | Archer |
| 15:23 | Create | Archer |
| 15:30 | Create | Villager (Male) |
| 15:49 | Build | Lumber Camp |
| 16:23 | Build | House |
| 16:28 | Build | Lumber Camp |
| 16:30 | Create | Villager (Male) |
| 17:04 | Research | Castle Age |
| 17:09 | Create | Archer |
| 17:09 | Create | Archer |
| 17:09 | Create | Archer |
| 17:09 | Create | Archer |
| 17:45 | Create | Villager (Male) |
| 17:55 | Create | Archer |
| 18:06 | Research | Fletching |
| 18:07 | Research | Padded Archer Armor |
| 18:32 | Create | Villager (Male) |
| 18:37 | Create | Archer |
| 19:08 | Research | Padded Archer Armor |
| 19:26 | Create | Archer |
| 19:26 | Create | Archer |
| 19:44 | Age | Castle Age |
| 19:45 | Create | Archer |
| 19:54 | Build | Town Center |
| 19:57 | Build | Town Center |
| 20:04 | Build | University |
| 20:10 | Build | Palisade Wall |
| 20:12 | Create | Villager (Male) |
| 20:13 | Create | Villager (Male) |
| 20:18 | Create | Archer |
| 20:19 | Create | Archer |
| 20:33 | Create | Villager (Male) |
| 20:35 | Build | Pasture |
| 20:37 | Build | Pasture |
| 20:38 | Create | Villager (Male) |
| 20:43 | Build | Pasture |
| 20:47 | Build | Pasture |
| 20:49 | Create | Archer |
| 20:49 | Create | Archer |
| 21:03 | Create | Villager (Male) |
| 21:06 | Research | Wheelbarrow |
| 21:09 | Build | House |
| 21:13 | Build | House |
| 21:14 | Build | House |
| 21:18 | Build | House |
| 21:19 | Create | Villager (Male) |
| 21:20 | Create | Villager (Male) |
| 21:22 | Build | Pasture |
| 21:23 | Build | Pasture |
| 21:32 | Create | Villager (Male) |
| 21:39 | Create | Archer |
| 21:40 | Create | Archer |
| 21:46 | Create | Villager (Male) |
| 21:50 | Build | Pasture |
| 21:57 | Research | Tech 1014 |
| 22:07 | Create | Archer |
| 22:08 | Create | Archer |
| 22:08 | Create | Archer |
| 22:08 | Create | Archer |
| 22:13 | Create | Villager (Male) |
| 22:39 | Create | Villager (Male) |
| 22:47 | Create | Villager (Male) |
| 22:52 | Build | Pasture |
| 22:56 | Build | Pasture |
| 22:59 | Create | Villager (Male) |
| 23:01 | Create | Villager (Male) |
| 23:04 | Create | Villager (Male) |
| 23:13 | Create | Villager (Male) |
| 23:39 | Create | Villager (Male) |
| 23:42 | Create | Villager (Male) |
| 23:43 | Create | Villager (Male) |
| 23:44 | Create | Villager (Male) |
| 23:55 | Build | Pasture |
| 23:59 | Build | Pasture |
Match timeline
| 6:04 | Snowey · first_building Barracks |
| 8:07 | ToadhopperBBQ · first_building Barracks |
| 9:29 | ToadhopperBBQ · age_up feudal |
| 9:37 | ToadhopperBBQ · first_building Stable |
| 9:55 | ToadhopperBBQ · wall_segment Palisade Wall x1 |
| 9:58 | ToadhopperBBQ · wall_segment Palisade Wall x1 |
| 10:29 | Snowey · age_up feudal |
| 11:32 | Snowey · wall_segment Palisade Wall x4 |
| 12:03 | Snowey · wall_segment Palisade Wall x9 |
| 12:26 | Snowey · first_market_sell 100 stone |
| 12:28 | Snowey · first_market_buy 100 food |
| 14:11 | ToadhopperBBQ · first_building Archery Range |
| 15:37 | Snowey · age_up castle |
| 19:44 | ToadhopperBBQ · age_up castle |
| 20:10 | ToadhopperBBQ · wall_segment Palisade Wall x10 |
| 21:43 | Snowey · wall_segment Stone Wall x10 |
| 21:46 | Snowey · wall_segment Stone Wall x11 |
| 23:05 | Snowey · first_building Archery Range |
| 27:17 | ToadhopperBBQ · first_building Siege Workshop |
| 28:16 | Snowey · first_building Siege Workshop |
| 29:56 | ToadhopperBBQ · first_building Monastery |
| 32:22 | Snowey · first_building Castle |
| 33:02 | Snowey · wall_segment Stone Wall x2 |
| 33:03 | Snowey · wall_segment Stone Wall x2 |
| 33:05 | Snowey · wall_segment Stone Wall x2 |
| 33:06 | Snowey · wall_segment Stone Wall x1 |
| 33:27 | ToadhopperBBQ · first_building Castle |
| 34:04 | ToadhopperBBQ · age_up imperial |
| 38:45 | Snowey · age_up imperial |
| 38:49 | Snowey · resign |
[ AI ANALYSIS · 1 CREDIT ]
What really happened in this match?
Wolo.gg analyzes every decision: build order, eco, micro, common mistakes by bracket. Personalized analysis on WhatsApp or Discord in 30 seconds.
Civ guide
Muisca
Map guide
Arabia
Perfil
Snowey